 Dungeon Crawl Stone Soup version 0.17.1-1-g73c8601 (webtiles) character file.

464 pipel the Skirmisher (level 6, -6/49 HPs)
             Began as a Mummy Chaos Knight on Jan 4, 2016.
             Mangled by a wolf spider (10 damage)
             ... on level 2 of the Dungeon.
             The game lasted 00:18:10 (14197 turns).

pipel the Skirmisher (Mummy Chaos Knight)          Turns: 14197, Time: 00:18:11

Health: -6/49      AC:  8    Str: 17    XL:     6   Next: 80%
Magic:  6/6        EV: 10    Int: 11    God:    Xom [..*...]
Gold:   195        SH:  0    Dex: 12    Spells: 0 memorised, 5 levels left

rFire  x . .     SeeInvis .     a - +0 mace (chaos)
rCold  + . .     Clarity  .     l - +0 scale mail (curse)
rNeg   + + +     SustAt   +     (no shield)
rPois  ∞         Gourm    .     (no helmet)
rElec  .         Spirit   .     d - +0 cloak
rCorr  .         Warding  .     (no gloves)
rMut   .         Stasis   .     (no boots)
MR     .....                    (no amulet)
Stlth  ..........               (no ring)
                                j - ring of sustain attributes

@: not resistant to hostile enchantments, extremely unstealthy
A: no food or potions, fire vulnerability, cold resistance 1, negative energy
resistance 3, torment resistance, unbreathing
a: Renounce Religion


You were on level 2 of the Dungeon.
You worshipped Xom.
You were a toy of Xom.
You were not hungry.

You visited 1 branch of the dungeon, and saw 3 of its levels.

You collected 195 gold pieces.

Inventory:

Hand Weapons
 a - a +0 mace of chaos (weapon)
 o - a +0 hunting sling
Missiles
 c - 51 arrows
 h - 11 sling bullets of flame
 i - 142 stones (quivered)
 m - 33 poisoned needles
 q - 3 tomahawks
Armour
 b - a +2 leather armour
 d - a +0 cloak (worn)
 e - a +0 ring mail
 l - a cursed +0 scale mail (worn)
Jewellery
 j - a ring of sustain attributes (left hand)
Scrolls
 f - a scroll of amnesia
 g - a scroll of immolation
 k - a scroll of identify
 n - a scroll of remove curse
 p - a scroll of recharging


   Skills:
 + Level 4.6 Fighting
 + Level 3.8 Maces & Flails
 - Level 1.0 Throwing
 + Level 3.5 Armour
 + Level 2.1 Dodging
 - Level 0.3 Stealth


You had 5 spell levels left.
You didn't know any spells.

Dungeon Overview and Level Annotations

Branches:
Dungeon (3/15)

Altars:
Ru
Zin

Shops:
D:3 *


Innate Abilities, Weirdness & Mutations

You do not eat or drink.
Your flesh is vulnerable to fire.
You are immune to poison.
Your flesh is cold resistant.
You are immune to negative energy.
You are immune to unholy pain and torment.
You can survive without breathing.


Message History

The wolf spider hits you but does no damage.
The wolf spider barely misses you. The wolf spider hits you!
The wolf spider bites you!
* * * LOW HITPOINT WARNING * * *
Read which item? (? for menu, Esc to quit)
Okay, then.
You aren't carrying any items that can be evoked.
Xom guffaws.
You radiate an aura of cold.
The wolf spider resists.
The wolf spider hits you.
* * * LOW HITPOINT WARNING * * *
The wolf spider barely misses you. The wolf spider hits you!
* * * LOW HITPOINT WARNING * * *
Xom is mildly amused.
The wolf spider bites you but does no damage.
You barely miss the wolf spider.
The wolf spider is moderately wounded.
The wolf spider looks more healthy.
The wolf spider hits you!
You die...
Xom roars with laughter!

....##.........#..........#
###.#.......<#.#.########.#
#.##########)#.# #.#.#
#.##.........#.######.#.#
###.##.#####............#.#
.....#.# #.###.######.#.#
.....#'#####.#.#.# #.#.#
.###.......#.#.#.# #.#.# .#
#.......#...#@# #.#.#
.###.......###.#s######.#.#
...#.#.........#........#.#
...#.#.........#........#.#
...............+>.......#.#
####.#.).......#).......#.#
####...)................#.#
........).......#########.#
########)#......#.........#


You could see a wolf spider.

Vanquished Creatures
  The ghost of bollicks1999 the Skirmisher, an amateur DrBe of Trog (D:3)
  2 orc priests (D:3)
  A giant frog skeleton (D:3)
  A jelly (D:3)
  7 gnolls
  7 adders
  2 oozes
  3 worms
  A giant gecko (D:1)
  11 orcs (D:3)
  8 giant cockroaches
  15 goblins
  14 hobgoblins
  6 jackals (D:1)
  3 quokkas
  4 ball pythons
  5 bats
  6 giant newts
  13 kobolds
  14 rats
124 creatures vanquished.

Vanquished Creatures (others)
  3 fungi (D:2)
  4 plants (D:2)
7 creatures vanquished.

Grand Total: 131 creatures vanquished

Notes
Turn   | Place    | Note
--------------------------------------------------------------
     0 | D:1      | pipel the Mummy Chaos Knight began the quest for the Orb.
     0 | D:1      | Reached XP level 1. HP: 18/18 MP: 1/1
   155 | D:1      | XOM: smoke on damage
   316 | D:1      | XOM: mild Erth miscast
   319 | D:1      | Reached XP level 2. HP: 24/24 MP: 2/2
   359 | D:1      | XOM: 1-stop teleportation journey
   622 | D:1      | XOM: god gift: 57 gold pieces
   779 | D:2      | Reached skill level 1 in Dodging
   788 | D:2      | Reached XP level 3. HP: 21/30 MP: 3/3
  1020 | D:2      | XOM: divination: detect items
  1124 | D:1      | XOM: enchant monster (good)
  1134 | D:1      | XOM: vitrification
  1365 | D:2      | Reached XP level 4. HP: 33/37 MP: 4/4
  1439 | D:2      | Found a sacrificial altar of Ru.
  1488 | D:2      | XOM: confuse monster(s)
  1521 | D:2      | XOM: 3-stop teleportation journey
  1606 | D:2      | XOM: 1-stop teleportation journey
  1733 | D:2      | XOM: polymorph adder -> hobgoblin
  1812 | D:2      | Reached skill level 1 in Throwing
  2110 | D:1      | XOM is BORED!
  2110 | D:1      | XOM: mild Tloc miscast
  2173 | D:1      | XOM: mild Necr miscast
  2505 | D:1      | XOM: colour smoke trail
  3144 | D:1      | XOM: colour smoke trail
  3508 | D:1      | XOM: mild Divn miscast
  4367 | D:1      | XOM: mild Pois miscast
  4718 | D:1      | Reached XP level 5. HP: 38/42 MP: 5/5
  5314 | D:1      | XOM is BORED!
  5314 | D:1      | XOM: medium Divn miscast
  5494 | D:1      | XOM: mild Chrm miscast
  5696 | D:1      | XOM: mild Erth miscast
  6213 | D:1      | XOM: harmless Summ miscast
  6638 | D:1      | XOM: noise
  6688 | D:1      | XOM: mild Tloc miscast
  6760 | D:1      | XOM: mild Fire miscast
  6798 | D:3      | Found Zin's Purification Station.
  6803 | D:3      | Found a glowing silver altar of Zin.
  6810 | D:3      | Noticed bollicks1999's ghost (amateur DrBe)
  6811 | D:3      | XOM: cast spell 'Metabolic Englaciation'
  6816 | D:3      | XOM: divination: detect creatures
  6830 | D:3      | XOM: noise
  6840 | D:3      | Killed bollicks1999's ghost
  6840 | D:3      | Reached skill level 4 in Fighting
  7111 | D:3      | Reached XP level 6. HP: 42/48 MP: 6/6
  7253 | D:3      | XOM: harmless Air miscast
  7581 | D:3      | XOM: harmless Hex miscast
  7830 | D:3      | XOM: enchant monster (bad)
  7858 | D:3      | XOM: harmless Chrm miscast
  8330 | D:2      | XOM: scenery: 1 doors close
  8731 | D:2      | XOM: colour smoke trail
  8836 | D:2      | XOM: summons 3 hostile demons
  8919 | D:2      | XOM: harmless Erth miscast
  9598 | D:2      | XOM: mild Necr miscast
  9761 | D:2      | XOM: mild Summ miscast
  9890 | D:2      | XOM: vitrification
  9892 | D:2      | XOM: mild Air miscast
  9921 | D:2      | XOM: colour smoke trail
 10476 | D:2      | XOM is BORED!
 10476 | D:2      | XOM: mild Trmt miscast
 10500 | D:2      | XOM: noise
 11167 | D:2      | XOM: summons 3 hostile demons
 11168 | D:2      | XOM: harmless Pois miscast
 11181 | D:3      | XOM: harmless Divn miscast
 11418 | D:2      | XOM: silly message
 11434 | D:2      | XOM: severe Trmt miscast
 12034 | D:2      | XOM: noise
 12040 | D:2      | XOM: divination: detect creatures
 12078 | D:2      | XOM: divination: detect creatures
 12089 | D:2      | XOM: potion effect (invisibility)
 12579 | D:2      | XOM: divination: detect creatures
 12694 | D:2      | XOM is BORED!
 12694 | D:2      | XOM: mild Chrm miscast
 12911 | D:2      | XOM: colour smoke trail
 12982 | D:2      | XOM: divination: detect items
 13114 | D:2      | XOM: scenery: 1 doors close
 13201 | D:2      | XOM: scenery: 1 doors open
 13324 | D:2      | XOM: scenery: 1 doors close
 13886 | D:2      | XOM is BORED!
 13886 | D:2      | XOM: noise
 14188 | D:2      | Noticed a wolf spider
 14194 | D:2      | XOM: cast spell 'Metabolic Englaciation'
 14197 | D:2      | Mangled by a wolf spider

Action                   |  1- 3 |  4- 6 || total
-------------------------+-------+-------++-------
Melee: Mace              |    94 |   329 ||   423
Throw: Stone             |    17 |    22 ||    39
  Use: Scroll            |       |     4 ||     4
 Stab: Paralysed         |     2 |    13 ||    15
       Invisible         |       |     2 ||     2
